 Dungeon Crawl Stone Soup version 0.20.1-1-g8b1a95d (webtiles) character file.

57 vatarom the Gusty (level 3, 0/26 HPs)
             Began as a Demonspawn Air Elementalist on Oct 1, 2017.
             Slain by Terence
             ... wielding a +0 flail
              (15 damage)
             ... on level 2 of the Dungeon.
             The game lasted 00:06:38 (1871 turns).

vatarom the Gusty (Demonspawn Air Elementalist)     Turns: 1871, Time: 00:06:38

Health: 0/26       AC:  4    Str:  8    XL:     3   Next: 73%
Magic:  5/6        EV: 12    Int: 17    God:
Gold:   29         SH:  0    Dex: 13    Spells: 1/7 levels left

rFire    . . .     SeeInvis .   b - +0 trident
rCold    . . .     Gourm    .   (no shield)
rNeg     . . .     Faith    .   f - +0 robe
rPois    .         Spirit   .   (no helmet)
rElec    .         Reflect  .   (no cloak)
rCorr    .         Harm     .   (no gloves)
MR       .....                  (no boots)
Stlth    ++........             (no amulet)
Regen    0.1/turn               (no ring)
MPRegen  0.1/turn               (no ring)

@: no status effects
A: yellow scales 1
a: no special abilities


You were on level 2 of the Dungeon.
You were not hungry.

You visited 1 branch of the dungeon, and saw 2 of its levels.

You collected 29 gold pieces.

Inventory:

Hand Weapons
 a - a +0 hunting sling
 b - a +0 trident (weapon)
Armour
 f - a +0 robe (worn)
Scrolls
 e - a scroll of blinking
 j - a scroll of identify {unknown}
Potions
 d - a potion of mutation {unknown}
 g - a potion of degeneration {unknown}
 h - a potion of haste {unknown}
 i - a potion of flight {unknown}
Books
 k - a book of Air

   Spells                             Type                      Level
   a - Shock                          Conjuration/Air              1
   b - Swiftness                      Charms/Air                   2
   c - Static Discharge               Conjuration/Air              3
   d - Airstrike                      Air                          4
   e - Lightning Bolt                 Conjuration/Air              5
Comestibles
 c - a bread ration


   Skills:
 + Level 1.2 Fighting
 - Level 1.7 Dodging
 - Level 1.7 Stealth
 + Level 2.5 Spellcasting
 * Level 2.2 Conjurations
 + Level 3.1 Air Magic


You had one spell level left.
You knew the following spells:

 Your Spells              Type           Power        Failure   Level  Hunger
a - Shock                 Conj/Air       ##..         6%          1    #......
b - Swiftness             Chrm/Air       #.......     14%         2    ##.....
c - Static Discharge      Conj/Air       ##......     19%         3    ###....


Dungeon Overview and Level Annotations

Branches:
Dungeon (2/15)

Altars:
The Shining One

Annotations:
D:2 Terence


Innate Abilities, Weirdness & Mutations

You are partially covered in yellow scales. (AC +2)


Message History

Aiming: Shock
Press: ? - help, Shift-Dir - straight line, f - Terence
Aim: Terence, wielding a flail and wearing a scale mail The zap hits Terence.
Terence is moderately wounded.
The kobold shouts!
Found a dagger.
There is a stone staircase leading up here.
Terence drinks a potion.
Terence goes berserk!
Terence hits you with a flail!
Casting: Shock
Confirm with . or Enter, or press ? or * to list all spells.
Aiming: Shock
Press: ? - help, Shift-Dir - straight line, f/p - Terence
Aim: Terence, wielding a flail and wearing a scale mail (moderately wounded, berserk, fast, unusually strong)
Okay, then.
Terence rages.
Terence hits you with a flail!
Ouch! That really hurt!
You die...

#.......#..## ##.
#.#####.#...# #.
###...[.# ## #.....###
## # #)#.....# ##. #.
#.##.#### #.. #.###<##.#
###. #...#.##.# ##...
#@#.##.#### #....
#@#.......# ##....
#.#....######.....
#######K#.##.# #......
#../...<..##.######....#
#.#.K.....#...........##
#.............####.##.#
#....##.#.#.†.# #.##.#
..... ..#>##..# #.# .#


You could see Terence (berserk) and a kobold.

Vanquished Creatures
  An adder (D:2)
  An ooze (D:1)
  A worm (D:1)
  A dart slug (D:1)
  2 leopard geckos (D:1)
  2 bats
  3 giant cockroaches (D:1)
  2 goblins
  5 hobgoblins
  4 jackals (D:1)
  7 kobolds (D:1)
  A quokka (D:2)
  4 frilled lizards (D:1)
  A rat (D:1)
35 creatures vanquished.

Notes
Turn   | Place    | Note
-------+----------+-------------------------------------------
     0 | D:1      | vatarom the Demonspawn Air Elementalist began the quest for the Orb.
     0 | D:1      | Reached XP level 1. HP: 13/13 MP: 3/3
   286 | D:1      | Gained mutation: You are partially covered in yellow scales. (AC +2) [demonic ancestry]
   286 | D:1      | Reached XP level 2. HP: 8/20 MP: 0/5
  1174 | D:1      | Reached skill level 1 in Fighting
  1174 | D:1      | Reached XP level 3. HP: 21/26 MP: 0/6
  1231 | D:1      | Learned a level 2 spell: Swiftness
  1235 | D:1      | Learned a level 3 spell: Static Discharge
  1518 | D:1      | Reached skill level 3 in Air Magic
  1751 | D:2      | Found a glowing golden altar of the Shining One.
  1864 | D:2      | Noticed Terence
  1871 | D:2      | Slain by Terence

Skill      XL: |  1  2  3 |
---------------+----------+-----
Fighting       | 1 |  1.2
Conjurations   | 2 |  2.2
Air Magic      | 3 |  3.1
Dodging        | |  1.7
Stealth        | |  1.7
Spellcasting   | |  2.5

Action                   || total
-------------------------++-------
Melee: Unarmed           ||    13
       Dagger            ||    25
       Trident           ||     2
 Cast: Shock             ||    72
  Use: Scroll            ||     5
       Potion            ||     1
 Stab: Sleeping          ||     2
  Eat: Chunk             ||     4
Armor: Robe              ||    10
Dodge: Dodged            ||    54
